 Dungeon Crawl Stone Soup version 0.19.0-19-g8c6edcc (webtiles) character file.

101 Remedyn the Covered (level 5, -1/41 HPs)
             Began as a Formicid Fighter on Nov 14, 2016.
             Killed by divine providence
             ... invoked by an orc priest
              (13 damage)
             ... on level 3 of the Dungeon.
             The game lasted 00:06:33 (2683 turns).

Remedyn the Covered (Formicid Fighter)              Turns: 2683, Time: 00:06:37

Health: -1/41      AC:  9    Str: 21    XL:     5   Next: 4%
Magic:  5/5        EV:  6    Int:  8    God:
Gold:   158        SH:  9    Dex: 10    Spells: 0 memorised, 4 levels left

rFire  + . .     SeeInvis +     a - +0 war axe
rCold  . . .     Gourm    .     r - +0 chain mail
rNeg   . . .     Faith    .     c - +0 shield
rPois  .         Spirit   .     (helmet unavailable)
rElec  .         Reflect  .     (no cloak)
rCorr  .         Harm     .     (no gloves)
MR     .....                    (no boots)
Stlth  ..........               (no amulet)
                                (no ring)
                                o - ring of protection from fire

@: no status effects
A: permanent stasis, dig shafts and tunnels, four strong arms, antennae 3
a: Dig, Shaft Self


You were on level 3 of the Dungeon.
You were not hungry.

You visited 1 branch of the dungeon, and saw 3 of its levels.

You collected 158 gold pieces.

Inventory:

Hand Weapons
 a - a +0 war axe (weapon)
Missiles
 e - 184 stones (quivered)
Armour
 b - a +0 scale mail
 c - a +0 shield (worn)
 r - a +0 chain mail (worn)
Jewellery
 o - a ring of protection from fire (left hand)
Scrolls
 g - a scroll of fear {unknown}
 l - a scroll of enchant weapon
 m - 2 scrolls of magic mapping {unknown}
 n - a scroll of teleportation {unknown}
Potions
 d - a potion of might
 f - a potion of haste {unknown}
 h - a potion of cancellation {unknown}
 j - a potion of curing {unknown}
 k - a potion of agility {unknown}
 q - 2 potions of heal wounds {unknown}
Comestibles
 i - a meat ration
 p - a beef jerky


   Skills:
 + Level 3.5 Fighting
 + Level 3.3 Axes
 + Level 4.2 Armour
 + Level 0.8 Dodging
 + Level 4.1 Shields


You had 4 spell levels left.
You didn't know any spells.

Dungeon Overview and Level Annotations

Branches:
Dungeon (3/15)

Altars:
Hepliaklqana
Beogh


Innate Abilities, Weirdness & Mutations

You are under a permanent stasis effect.
You can dig through walls and to a lower floor.
Your four strong arms can wield two-handed weapons with a shield.
You have a pair of large antennae on your head. (SInv)


Message History

The orc priest hits you but does no damage.
The orc hits you but does no damage. The orc priest hits you with a club.
You hit the orc priest.
The orc priest is almost dead.
You slash the orc!
You kill the orc!
You hit the orc priest.
The orc priest looks braver for a moment.
The orc priest completely misses you.
The orc priest calls down the wrath of Beogh upon you.
Beogh smites you!
The orc priest calls upon Beogh to heal the orc priest.
The orc priest is healed somewhat.
You barely miss the orc priest.
The orc priest is lightly wounded.
You completely miss the orc priest. The orc priest hits you with a mace.
* * * LOW HITPOINT WARNING * * *
The orc priest calls down the wrath of Beogh upon you.
Beogh smites you!
You die...

###############
#.............####
#.........# #....#
#)@o......# #....#
##o##.....###....#
...##..........
$8.8$#...####.#####
#..$.$#....#........
#$8$8$#.##.#.#.#####
##$_.##......#.#
######[##.###.#
#........#


You could see 2 orc priests.

Vanquished Creatures
  A worker ant zombie (D:2)
  An adder (D:3)
  A worm (D:2)
  7 orcs (D:3)
  2 ball pythons
  8 goblins
  8 hobgoblins
  4 jackals (D:1)
  8 kobolds
  2 quokkas (D:2)
  5 bats
  17 frilled lizards
  6 rats
70 creatures vanquished.

Notes
Turn   | Place    | Note
-------+----------+-------------------------------------------
     0 | D:1      | Remedyn the Formicid Fighter began the quest for the Orb.
     0 | D:1      | Reached XP level 1. HP: 18/18 MP: 1/1
   232 | D:1      | Reached XP level 2. HP: 18/24 MP: 2/2
   472 | D:1      | Reached XP level 3. HP: 18/29 MP: 3/3
  1307 | D:2      | Reached XP level 4. HP: 29/35 MP: 4/4
  2165 | D:3      | Found a hazy altar of Hepliaklqana.
  2617 | D:3      | Reached XP level 5. HP: 41/41 MP: 5/5
  2675 | D:3      | Found a roughly hewn altar of Beogh.
  2683 | D:3      | Killed from afar by an orc priest

Skill      XL: |  1  2  3  4 |
---------------+-------------+-----
Shields        | 4 |  4.1
Armour         | 4 |  4.2
Axes           | 3 |  3.3
Fighting       | |  3.5
Dodging        | |  0.8

Action                   |  1- 3 |  4- 6 || total
-------------------------+-------+-------++-------
Melee: War axe           |   124 |    81 ||   205
  Use: Scroll            |     1 |     2 ||     3
  Eat: Bread ration      |     1 |       ||     1
       Meat ration       |       |     1 ||     1
Armor: Scale mail        |    60 |    28 ||    88
       Chain mail        |       |     4 ||     4
Dodge: Dodged            |    47 |    27 ||    74
Block: Shield            |    82 |    51 ||   133
